 Dungeon Crawl Stone Soup version 0.29.1-13-g9f3cf754e1 (webtiles) character file.

Game seed: 12089790620262007625

28 croobank the Sneak (level 2, -8/26 HPs)
             Began as a Draconian Delver on Jan 29, 2023.
             Shot with an arrow by a centaur (9 damage)
             ... on level 3 of the Dungeon.
             The game lasted 00:08:39 (1197 turns).

croobank the Sneak (Draconian Delver)               Turns: 1197, Time: 00:08:40

Health: -8/26      AC:  4    Str: 14    XL:     2   Next: 96%
Magic:  3/3        EV: 12    Int: 10    God:
Gold:   46         SH:  0    Dex: 12    Spells: 2/3 levels left

rFire   . . .      SeeInvis .   a - +0 hand axe
rCold   . . .      Faith    .   (no shield)
rNeg    . . .      Spirit   .   (body armour unavailable)
rPois   .          Reflect  .   (helmet restricted)
rElec   .          Harm     .   (no cloak)
rCorr   .          Rampage  .   (no gloves)
Will    .....                   (no boots)
Stlth   +++.......              (no amulet)
HPRegen 0.08/turn               i - +4 ring of slaying
MPRegen 0.08/turn               (no ring)

@: no status effects
A: AC +4, unfitting armour, cold-blooded
a: no special abilities


You were on level 3 of the Dungeon.
You visited 1 branch of the dungeon, and saw 4 of its levels.

You collected 46 gold pieces.

Inventory:

Hand Weapons
 a - a +0 hand axe (weapon)
Missiles
 h - 2 boomerangs (quivered)
Jewellery
 i - a +4 ring of slaying (left hand)
Wands
 f - a wand of digging (3)
 l - a wand of charming (12)
Scrolls
 b - a scroll of fog
 c - a scroll of magic mapping
 g - a scroll of poison {unknown}
 j - a scroll of immolation {unknown}
 m - a scroll of identify {unknown}
Potions
 d - a potion of brilliance {unknown}
 e - a potion of haste
 k - a potion of flight {unknown}
 n - a potion of berserk rage {unknown}
 o - a potion of lignification {unknown}


   Skills:
 - Level 3.4 Fighting
 - Level 2.2 Axes
 - Level 2.0 Dodging
 - Level 4.6 Stealth
 + Level 1.0 Spellcasting
 + Level 1.1 Translocations


You had 2 spell levels left.
You knew the following spells:

 Your Spells              Type           Power      Damage    Failure   Level
a - Apportation           Tloc           4%         N/A       22%         1

Your spell library contained the following spells:

 Spells                   Type           Power      Damage    Failure   Level
 Foxfire                  Conj/Fire      0%         2x1d4     34%         1
 Necrotise                Necr           0%         1d4       34%         1
 Summon Small Mammal      Summ           0%         N/A       34%         1
 Static Discharge         Conj/Air       0%         3-3/arc   45%         2
 Spellforged Servitor     Conj/Summ      0%         N/A       100%        7


Dungeon Overview and Level Annotations

Branches:
Dungeon (6/15)
 Temple: D:4-7

Altars:
Ru

Annotations:
D:4 Eustachio


Innate Abilities, Weirdness & Mutations

Your plain brown scales are hard. (AC +4)
You cannot fit into any form of body armour.
You are cold-blooded and may be slowed by cold attacks.


Message History

You see here a ball python corpse.
n - a glowing silvery potion
o - a smoky red potion You start resting.
HP restored.
There is a stone staircase leading down here.
There is a stone staircase leading down here.
You climb downwards.
Level annotation: Eustachio
There is a stone staircase leading up here.
A giant cockroach comes into view.
The helpless giant cockroach fails to defend itself.
You hit the giant cockroach.
You kill the giant cockroach!
(D) Dungeon
Where to? (Enter - D:4 @ (x,y), ? - help)
There is a stone staircase leading up here.
You climb upwards.
There is a stone staircase leading down here.
Found a sacrificial altar of Ru.
A water moccasin comes into view.
A water moccasin is nearby!
Okay, then.
As you read the scroll of magic mapping, it crumbles to dust.
You feel aware of your surroundings.
Unknown command.
A centaur comes into view.
Found a scroll labelled IPTOUV SETOA.
The centaur shouts!
A bat comes into view.
The centaur wields a +0 shortbow.
The centaur shoots an arrow.
The arrow hits you!
Ouch! That really hurt!
Found 4 stones.
The bat hits you but does no damage.
The centaur shoots an arrow.
The arrow hits you!
* * * LOW HITPOINT WARNING * * *
Okay, then.
Okay, then.
The bat barely misses you.
The centaur shoots an arrow.
The arrow hits you!
You die...

,,,,,,,*,*
*,,,*##.....#####..#
,,,*****,*
*,***#.........##..# ,,,*
*,* *,* #.#.#.#.#.##..#
,,,* *,***,*
#......>..##..# ,,,*
*.,*#,* #.#.#.#.#.##..###
,,,* *#.##.*
#................ ****
#....####.#.#.#.#........
#......#.................
#.....(#@.#.#.#.#........
#...c..........†.........
*#.....b####......#.......
**.............#####.......
*******,.......#######
#....... ,,,,,,,,.......*
#....... ********#......*
#....... #..?...* ########
#######*


You could see a centaur and a bat.

Vanquished Creatures
  An adder (D:4)
  2 worms (D:4)
  An orc (D:4)
  An endoplasm (D:4)
  2 giant cockroaches (D:4)
  2 hobgoblins (D:4)
  A quokka (D:3)
  A ball python (D:3)
  A kobold (D:4)
12 creatures vanquished.

Notes
Turn   | Place    | Note
-------+----------+-------------------------------------------
     0 | D:5      | croobank the Draconian Delver began the quest for the Orb.
     0 | D:5      | Reached XP level 1. HP: 19/19 MP: 1/1
    15 | D:5      | Noticed a water moccasin
    21 | D:5      | Noticed an orc priest
   462 | D:4      | Noticed Eustachio
   530 | D:6      | Noticed a wight
   530 | D:6      | Noticed a wight
   530 | D:6      | Noticed an iguana
   562 | D:4      | Reached XP level 2. HP: 26/26 MP: 2/2
   604 | D:4      | Learned a level 1 spell: Apportation
   678 | D:4      | Got the Discursus on the Barrage
   771 | D:4      | Reached skill level 1 in Translocations
  1018 | D:3      | Reached skill level 1 in Spellcasting
  1177 | D:3      | Found a sacrificial altar of Ru.
  1179 | D:3      | Noticed a water moccasin
  1195 | D:3      | Noticed a centaur
  1196 | D:3      | HP: 1/26 [centaur/arrow (9)]
  1197 | D:3      | Shot with an arrow by a centaur

Illustrated notes

Levels and vault maps discovered:
D:3:      layout_rooms, nicolae_ru_sacrificial_ziggurat, st_stairs_2,
          wad_floor_pattern_untrapped, uniq_natasha, uniq_crazy_yiuf_cottage
D:4:      layout_loops_ring, minmay_unequal, uniq_eustachio
D:5:      layout_cave_pools, grunt_dithmenos_smoke, kennysheep_generic_room_5
D:6:      layout_basic, temple_pool_b, serial_shops, nicolae_take_the_stairs,
          supply_closet_lemuel

Skill      XL: |  1  2 |
---------------+-------+-----
Dodging        | 2 |  2.0
Translocations | 1 |  1.1
Spellcasting   | 1 |  1.0
Fighting       | |  3.4
Axes           | |  2.2
Stealth        | |  4.6

Action                   || total
-------------------------++-------
Melee: Hand axe          ||    50
       Tailslap          ||     6
       Punch             ||     1
 Cast: Apportation       ||     1
  Use: Scroll            ||     2
 Stab: Sleeping          ||     2
Armor: Skin              ||    14
Dodge: Dodged            ||    35
